 Dungeon Crawl Stone Soup version 0.30-a0-219-gf2db51d15e (webtiles) character file.

Game seed: 4260628257855221976

101096 KennySheep the Bludgeoner (level 16, -1/195 HPs)
             Began as an Ogre Fighter on Oct 6, 2022.
             Was the Champion of the Shining One.
             Killed from afar by a hellephant (38 damage)
             ... with a blast of flame
             ... on level 2 of the Abyss.
             The game lasted 01:36:56 (36629 turns).

KennySheep the Bludgeoner (Ogre Fighter)           Turns: 36629, Time: 01:36:58

Health: -1/195     AC: 15    Str: 36    XL:     16   Next: 29%
Magic:  26/26      EV:  9    Int:  9    God:    the Shining One [******]
Gold:   1381       SH:  0    Dex:  8    Spells: 15/15 levels left

rFire   . . .      SeeInvis .    a - +4 giant spiked club (holy)
rCold   . . .      Faith    .    (shield currently unavailable)
rNeg    + + +      Spirit   .    N - +1 acid dragon scales
rPois   .          Reflect  .    (helmet restricted)
rElec   .          Harm     .    B - +0 cloak
rCorr   +          Rampage  .    (gloves unavailable)
Will    +....                    (boots unavailable)
Stlth   ..........               E - amulet of the acrobat
HPRegen 0.52/turn                F - +6 ring of strength
MPRegen 0.20/turn                W - +4 ring of protection

@: confused, glowing, studying 2 skills
A: large, unfitting armour, tough skin 1, robust 1, wild magic 1
a: Renounce Religion, Divine Shield, Cleansing Flame, Summon Divine Warrior


You were on level 2 of the Abyss.
You worshipped the Shining One.
The Shining One was exalted by your worship.
You visited 4 branches of the dungeon, and saw 23 of its levels.
You visited the Abyss 2 times.
You also visited: Sewer and Ice Cave.

You collected 2732 gold pieces.
You spent 1351 gold pieces at shops.

Inventory:

Hand Weapons
 a - a +4 giant spiked club of holy wrath (weapon)
 b - a +9 club of electrocution
Missiles
 j - an atropa-tipped dart
 s - 2 throwing nets
 x - 84 stones
 y - 9 boomerangs
 R - 3 silver javelins
 S - 18 large rocks (quivered)
Armour
 c - +0 ice dragon scales
 u - a +2 robe of resistance
 B - a +0 cloak (worn)
 N - +1 acid dragon scales (worn)
Jewellery
 h - a ring of ice
 z - a ring of wizardry
 E - an amulet of the acrobat (around neck)
 F - a +6 ring of strength (left hand)
 I - a ring of see invisible
 J - a +6 ring of intelligence
 T - an amulet of magic regeneration
 W - a +4 ring of protection (right hand)
 X - a ring of poison resistance
Wands
 H - a wand of iceblast (11)
 L - a wand of mindburst (12)
 O - a wand of flame (21)
 V - a wand of paralysis (11)
Scrolls
 g - 10 scrolls of teleportation
 l - 6 scrolls of vulnerability
 m - 7 scrolls of blinking
 p - 2 scrolls of noise
 r - 2 scrolls of silence
 t - 5 scrolls of amnesia
 v - 5 scrolls of fog
 A - a scroll of summoning
 K - 3 scrolls of immolation
 P - 2 scrolls of fear
 Q - 7 scrolls of identify
 Y - 2 scrolls of enchant armour
Potions
 d - 6 potions of might
 e - a potion of flight
 f - 5 potions of ambrosia
 i - 3 potions of heal wounds
 k - 8 potions of attraction
 n - 6 potions of brilliance
 o - 2 potions of berserk rage
 q - 9 potions of curing
 C - a potion of cancellation
 D - 3 potions of mutation
 G - 4 potions of lignification
 U - a potion of magic
Miscellaneous
 w - a phantom mirror
 Z - a lightning rod (4/4)


   Skills:
 - Level 15.6 Fighting
 - Level 2.5(12.4) Axes
 * Level 17.1(17.2) Maces & Flails
 - Level 13.4 Throwing
 - Level 7.5 Armour
 - Level 2.6 Dodging
 - Level 3.2 Shields
 - Level 14.3 Invocations


You had 15 spell levels left.
You didn't know any spells.
Your spell library contained the following spells:

 Spells                   Type           Power      Damage    Failure   Level
 Apportation              Tloc           0%         N/A       50%         1
 Magic Dart               Conj           0%         1d3       50%         1
 Necrotise                Necr           0%         1d4       50%         1
 Slow                     Hex            0%         N/A       50%         1
 Summon Small Mammal      Summ           0%         N/A       50%         1
 Call Imp                 Summ           0%         N/A       65%         2
 Sublimation of Blood     Necr           0%         N/A       65%         2
 Wereblood                Tmut           0%         N/A       65%         2
 Confusing Touch          Hex            0%         N/A       86%         3
 Frozen Ramparts          Ice            0%         1d1       86%         3
 Kindle Blastsparks       Fire/Tloc/Air  0%         2d10      86%         3
 Mephitic Cloud           Conj/Pois/Air  0%         N/A       86%         3
 Portal Projectile        Hex/Tloc       0%         N/A       86%         3
 Tukima's Dance           Hex            0%         N/A       86%         3
 Vampiric Draining        Necr           0%         2d6       86%         3
 Fulminant Prism          Conj/Hex       0%         3d6       99%         4
 Ice Form                 Ice/Tmut       0%         N/A       99%         4
 Iskenderun's Mystic Bla  Conj/Tloc      0%         2d3       99%         4
 Leda's Liquefaction      Hex/Erth       0%         N/A       99%         4
 Manifold Assault         Tloc           0%         N/A       99%         4
 Passage of Golubria      Tloc           0%         N/A       99%         4
 Summon Ice Beast         Ice/Summ       0%         N/A       99%         4
 Blade Hands              Tmut           0%         N/A       100%        5
 Fireball                 Conj/Fire      0%         3d3       100%        5
 Iskenderun's Battlesphe  Conj           0%         2d6       100%        5
 Lee's Rapid Deconstruct  Erth           0%         3d5*      100%        5
 Silence                  Hex/Air        0%         N/A       100%        5
 Conjure Ball Lightning   Conj/Air       0%         3x3d6     100%        6
 Dispersal                Tloc           0%         N/A       100%        6
 Statue Form              Tmut/Erth      0%         N/A       100%        6
 Orb of Destruction       Conj           0%         9d5       100%        7
 Summon Hydra             Summ           0%         N/A       100%        7
 Disjunction              Tloc           0%         N/A       100%        8
 Lehudib's Crystal Spear  Conj/Erth      0%         10d2      100%        8
 Chain Lightning          Conj/Air       0%         N/A       100%        9
 Fire Storm               Conj/Fire      0%         5d1       100%        9
 Shatter                  Erth           0%         3d5*      100%        9


Dungeon Overview and Level Annotations

Branches:
Dungeon (15/15)            Temple (0/1) D:6            Lair (5/5) D:10
 Shoals (0/4) Lair:3       Spider (0/4) Lair:3        Slime (0/5) Lair:5
    Orc (2/2) D:11            Elf (0/3) Orc:2        Vaults (0/5) D:14
 Depths (1/4) D:15          Sewer (visited)           IceCv (visited)

Altars:
Dithmenos
Elyvilon
Hepliaklqana
Okawaru
Qazlal
Ru
Uskayaw
Xom
Zin
The Shining One
Jiyva
Lugonu

Shops:
D:1 *   D:2 ?   D:3 =   D:5 *   D:15 (   Orc:1 ?

Portals:
Abyss: Lair:5
Trove: D:11 (give 5 potions of resistance)

Annotations:
D:7 1 runed translucent door, Crazy Yiuf, Dowan, Duvessa
D:12 exclusion: obsidian statue
Orc:2 Azrael


Innate Abilities, Weirdness & Mutations

You are too large for most types of armour.
You have tough skin. (AC +1)
You are robust. (+10% HP)
Your spells are a little harder to cast, but a little more powerful.


Message History

The blast of flame hits you!!!
* * * LOW HITPOINT WARNING * * *
Throw: 21 large rocks
Press: ? - help, Q - select action, (/) - cycle Shift-Dir - straight line, f/p - hellephant
Aim: a hellephant (moderately wounded, catching its breath, haloed, 83% to hit)
You throw a large rock. The large rock hits the hellephant!!
The hellephant is heavily wounded.
The hellephant barely misses you. The hellephant completely misses you.
The hellephant gores you.
* * * LOW HITPOINT WARNING * * *
The hellephant attacks as you move away!
The hellephant tramples you.
* * * LOW HITPOINT WARNING * * *
The hellephant bites you but does no damage.
The hellephant gores you but does no damage.
The glowing orange brain pulsates.
Throw: 20 large rocks
Press: ? - help, Q - select action, (/) - cycle Shift-Dir - straight line, f/p - hellephant
Aim: a hellephant (heavily wounded, catching its breath, haloed, 83% to hit)
You throw a large rock.
The large rock hits the hellephant but does no damage.
The hellephant is heavily wounded.
The hellephant completely misses you. x2; The hellephant barely misses you.
The glowing orange brain pulsates.
Something tries to feed on your intellect!
Throw: 19 large rocks
Press: ? - help, Q - select action, (/) - cycle Shift-Dir - straight line, f - glowing orange brain, p - hellephant
Aim: a glowing orange brain (haloed, 97% to hit)
You throw a large rock. The large rock hits the hellephant!!
The hellephant is heavily wounded.
The hellephant blinks!
The glowing orange brain pulsates.
You are confused.
You bump into the rock wall.
The smoke demon gestures at you.
The ball of steam hits you but does no damage.
The hellephant breathes flames at you.
The blast of flame hits the smoke demon!
The smoke demon resists.
The blast of flame hits you!!!
You die...

(. ... ## . . #
.. #. #
.##.Y.##.#.#
... .....# # #
### ..
##.#.#.###
....#G§@.##
##...Y3.#..## #
#.#...##..#...#
#..... ..######
##.#####..##. .
# #.#.#### # #
#. #..#.. # ##
.# ..
##...#.... # .
#.#..## #..#. #
_


You could see a hellephant (catching breath), a glowing orange brain and a smoke
demon (summoned).

Vanquished Creatures
  Rupert (D:14)
  Frances (D:14)
  Kirke (Lair:3)
  Donald (Orc:2)
  A tengu reaver (D:15)
  A reaper (IceCv)
  A very ugly thing (D:15)
  Nessos (D:13)
  Snorg (Lair:4)
  2 fire dragons
  2 ice dragons (D:15)
  2 hydras
  5 vault guards
  Harold (D:9)
  An ogre mage (D:15)
  5 centaur warriors
  4 two-headed ogres
  4 boulder beetles
  A tengu warrior (D:15)
  4 thrashing horrors (Lair:5)
  An orc high priest (Orc:1)
  Sonja (Orc:1)
  5 skeletal warriors (D:13)
  3 deep elf pyromancers
  A wolf spider (D:15)
  20 ugly things
  6 cyclopes
  A moth of wrath (shapeshifter) (Lair:5)
  A manticore (Lair:3)
  12 centaur zombies (D:13)
  Maurice (D:13)
  2 ice statues (IceCv)
  Joseph (D:9)
  A torpor snail (Lair:5)
  4 black mambas
  3 gargoyles (D:12)
  A kobold demonologist (D:10)
  Maggie (D:9)
  10 cane toads
  An unseen horror (D:13)
  2 rime drakes (Lair:4)
  7 komodo dragons
  A freezing wraith (Abyss:2)
  An efreet (D:13)
  8 ice devils
  A tengu conjurer (D:8)
  3 ancient zymes
  3 meliai (D:14)
  A merfolk (shapeshifter) (D:11)
  A wind drake (Lair:3)
  5 polar bears
  8 trolls
  A hornet (D:7)
  10 slime creatures
  31 blink frogs
  13 dream sheep
  A meliai zombie (D:13)
  A large abomination (Lair:5)
  A spriggan (Lair:5)
  A dire elephant simulacrum (IceCv)
  5 shadows
  3 wyverns
  2 vampires (D:13)
  A culicivora (Lair:3)
  42 yaks
  2 ynoxinuls (Lair:5)
  4 basilisks
  8 wraiths
  3 hogs (Lair:3)
  Grum (D:9)
  2 death yak simulacra (IceCv)
  A fire elemental (Orc:2)
  5 chaos spawn (Lair:5)
  10 vampire mosquitoes
  3 steam dragons
  A warg (Orc:1)
  Edmund (D:4)
  A harpy simulacrum (IceCv)
  11 water moccasins
  3 acid dragons
  A hell hound (Orc:1)
  13 small abominations (Lair:5)
  An ice beast (D:6)
  17 orc warriors
  4 black bears
  A hornet zombie (D:13)
  A sky beast (D:6)
  7 centaurs
  27 wolves
  4 ogres
  A phantom (D:3)
  10 kobold brigands
  Blork the orc (D:4)
  10 bullfrogs
  2 scorpions
  2 two-headed ogre simulacra (IceCv)
  A cane toad simulacrum (IceCv)
  2 elephant simulacra (IceCv)
  11 killer bees
  5 howler monkeys
  The ghost of glaedl the Grave Robber, a weakling DsNe (D:3)
  3 electric eels (D:10)
  6 hounds
  4 jellies
  12 orc priests
  Jessica (D:2)
  5 iguanas
  A boggart zombie (D:13)
  23 orc wizards
  A polar bear simulacrum (IceCv)
  A spriggan simulacrum (IceCv)
  2 troll simulacra (IceCv)
  A wolf simulacrum (IceCv)
  9 adders
  3 gnolls (D:5)
  2 naga simulacra (IceCv)
  2 river rats (Sewer)
  A shadow imp (D:7)
  5 white imps
  4 ufetubi
  3 worms
  4 dart slugs
  54 orcs
  20 endoplasms
  5 giant cockroaches
  4 goblins
  6 hobgoblins
  4 jackals
  29 kobolds
  2 quokkas
  10 ball pythons
  7 bats
  3 frilled lizards
  11 rats
  A spectral kobold (D:15)
696 creatures vanquished.

Vanquished Creatures (collateral kills)
  3 ugly things (D:14)
3 creatures vanquished.

Vanquished Creatures (others)
  A kobold (D:10)
  A bush (Lair:5)
  48 fungi
  45 plants
  2 withered plants (D:3)
97 creatures vanquished.

Grand Total: 796 creatures vanquished

Notes
Turn   | Place    | Note
-------+----------+-------------------------------------------
     0 | D:1      | KennySheep the Ogre Fighter began the quest for the Orb.
     0 | D:1      | Reached XP level 1. HP: 24/24 MP: 1/1
   223 | D:1      | Reached XP level 2. HP: 31/32 MP: 2/2
   232 | D:1      | Reached skill level 1 in Throwing
   289 | D:1      | Found Joaphuv's Assorted Antiques.
   298 | D:1      | Bought a glowing blue potion for 18 gold pieces
   449 | D:1      | Reached XP level 3. HP: 40/40 MP: 3/3
   669 | D:1      | Found a faded altar of an unknown god.
   711 | D:1      | Prayed at the altar of an unknown god.
   711 | D:1      | Became a worshipper of the Shining One
   711 | D:1      | Reached * piety under the Shining One
   839 | D:2      | Noticed Jessica
   840 | D:2      | Killed Jessica
   841 | D:2      | Reached XP level 4. HP: 49/49 MP: 4/4
  1044 | D:2      | Found Nipy's Magic Scroll Emporium.
  1236 | D:1      | Bought a scroll labelled FUNARU DUOTZ for 21 gold pieces
  1236 | D:1      | Bought a scroll labelled DUMIYZ JATEE for 21 gold pieces
  1459 | D:2      | Reached skill level 1 in Invocations
  1997 | D:3      | Found Enterph's Jewellery Emporium.
  2285 | D:3      | Reached skill level 1 in Maces & Flails
  2308 | D:3      | Found a white marble altar of Elyvilon.
  2396 | D:3      | Reached XP level 5. HP: 54/55 MP: 6/6
  2459 | D:3      | Noticed a phantom
  2471 | D:3      | Killed a phantom
  2472 | D:3      | Reached skill level 5 in Fighting
  2569 | D:3      | Identified a scroll of acquirement
  2571 | D:3      | Acquired a manual of Invocations
  3126 | D:3      | Found a runed translucent door.
  3126 | D:3      | Noticed glaedl's ghost (weakling DsNe)
  3313 | D:3      | Killed glaedl's ghost
  3314 | D:3      | Reached skill level 2 in Maces & Flails
  3314 | D:3      | Reached XP level 6. HP: 66/66 MP: 7/7
  3384 | D:4      | Found a glowing drain.
  3388 | Sewer    | Entered a sewer
  3510 | Sewer    | Reached ** piety under the Shining One
  3684 | Sewer    | Reached XP level 7. HP: 70/72 MP: 9/9
  3774 | D:4      | Reached skill level 3 in Maces & Flails
  3964 | D:4      | Identified the +0 robe of the Big Bang {Contam rN++ Dex+4}
  4017 | D:4      | Noticed Edmund
  4038 | D:4      | Killed Edmund
  4229 | D:4      | Noticed Blork the orc
  4237 | D:4      | Killed Blork the orc
  4238 | D:4      | Reached skill level 4 in Maces & Flails
  4558 | D:5      | Entered Level 5 of the Dungeon
  4704 | D:5      | Reached skill level 5 in Maces & Flails
  4850 | D:5      | Reached XP level 8. HP: 74/83 MP: 10/10
  5135 | D:5      | Found a glowing golden altar of the Shining One.
  5750 | D:5      | Found Qylom's Gadget Gallery.
  6077 | D:5      | Found an iron altar of Okawaru.
  6137 | D:5      | Reached skill level 6 in Maces & Flails
  6386 | D:6      | Reached skill level 7 in Maces & Flails
  6459 | D:6      | Identified the +3 spear of Dismay {vorpal, Int+6 Stlth-}
  6715 | D:6      | Found a shimmering altar of Xom.
  6745 | D:6      | Reached skill level 8 in Maces & Flails
  6931 | D:6      | Reached XP level 9. HP: 89/89 MP: 11/11
  6958 | D:6      | Found a staircase to the Ecumenical Temple.
  7355 | D:7      | Identified the +4 war axe "Acvinluo" {freeze, rF- rC- Int+9
                  | Stlth+}
  7375 | D:7      | Found a runed translucent door.
  7375 | D:7      | Noticed Duvessa
  7375 | D:7      | Noticed Dowan
  7375 | D:7      | Noticed Crazy Yiuf
  7396 | D:7      | Found a sacrificial altar of Ru.
  7433 | D:7      | Reached skill level 9 in Maces & Flails
  7743 | D:7      | Noticed a hornet
  7747 | D:7      | Paralysed by a hornet for 1 turns
  7753 | D:7      | Killed a hornet
  8010 | D:7      | Reached skill level 10 in Maces & Flails
  8111 | D:7      | Found a hazy altar of Hepliaklqana.
  8594 | D:8      | Found a stormy altar of Qazlal.
  8673 | D:8      | Reached *** piety under the Shining One
  8673 | D:8      | Noticed a tengu conjurer
  8687 | D:8      | Killed a tengu conjurer
  8701 | D:8      | Reached skill level 11 in Maces & Flails
  8937 | D:8      | Reached XP level 10. HP: 98/98 MP: 12/12
  9583 | D:8      | Reached skill level 12 in Maces & Flails
  9842 | D:9      | Noticed Joseph
  9862 | D:9      | Killed Joseph
 10088 | D:9      | Found a shadowy altar of Dithmenos.
 10125 | D:9      | Noticed Grum
 10162 | D:9      | Killed Grum
 10531 | D:9      | Noticed Harold
 10539 | D:9      | Killed Harold
 10540 | D:9      | Reached skill level 13 in Maces & Flails
 10837 | D:9      | Noticed Maggie
 10863 | D:9      | Killed Maggie
 10864 | D:9      | Reached XP level 11. HP: 109/109 MP: 13/13
 10996 | D:9      | The Shining One protects you from harm!
 11001 | D:9      | Gained mutation: You are robust. (+10% HP) [potion of
                  | mutation]
 11001 | D:9      | Gained mutation: Your spells are a little harder to cast,
                  | but a little more powerful. [potion of mutation]
 11743 | D:10     | Entered Level 10 of the Dungeon
 11772 | D:10     | Found a hide-covered altar of Uskayaw.
 12148 | D:2      | Bought a scroll of fear for 44 gold pieces
 12148 | D:2      | Bought a scroll of identify for 22 gold pieces
 12148 | D:2      | Bought a scroll of teleportation for 33 gold pieces
 12148 | D:2      | Bought a scroll of identify for 22 gold pieces
 12148 | D:2      | Bought a scroll of identify for 22 gold pieces
 12148 | D:2      | Bought a scroll of blinking for 82 gold pieces
 12148 | D:2      | Bought a scroll of fear for 44 gold pieces
 12148 | D:2      | Bought a scroll of teleportation for 33 gold pieces
 12346 | D:10     | Found a staircase to the Lair.
 12800 | D:10     | Identified the +8 plate armour of the Engineer {Harm}
 12861 | D:10     | Found a glowing silver altar of Zin.
 13334 | D:11     | Reached skill level 10 in Fighting
 13575 | D:11     | Noticed a swamp dragon
 13596 | D:11     | Found a staircase to the Orcish Mines.
 13620 | D:12     | Noticed a deep elf pyromancer
 14071 | D:12     | Reached skill level 1 in Armour
 14524 | D:12     | Killed a deep elf pyromancer
 14525 | D:12     | Reached skill level 5 in Throwing
 14614 | D:12     | Noticed an obsidian statue
 14683 | D:12     | Noticed a cyclops
 14701 | D:12     | Killed a cyclops
 14702 | D:12     | Reached skill level 5 in Invocations
 14988 | D:12     | Reached XP level 12. HP: 100/143 MP: 15/15
 16036 | D:11     | Reached **** piety under the Shining One
 16207 | D:11     | Noticed a vault guard
 16214 | D:11     | Killed a vault guard
 16224 | D:11     | Found a portal to a secret trove of treasure.
 16708 | Orc:1    | Entered Level 1 of the Orcish Mines
 17036 | Orc:1    | Noticed Sonja
 17046 | Abyss:2  | Cast into level 2 of the Abyss (Sonja)
 17077 | Abyss:2  | Found a corrupted altar of Lugonu.
 17110 | Orc:1    | Escaped the Abyss
 17893 | Lair:1   | Entered Level 1 of the Lair of Beasts
 19629 | Lair:2   | Reached XP level 13. HP: 155/155 MP: 19/19
 20751 | Lair:2   | You fall into a shaft and drop 1 floor!
 21057 | Lair:3   | Reached skill level 10 in Invocations
 21120 | Lair:3   | Found a hole to the Spider Nest.
 21243 | Lair:3   | Reached skill level 5 in Armour
 21321 | Lair:3   | Noticed Kirke
 21578 | Lair:3   | Found a staircase to the Shoals.
 21619 | Lair:3   | Noticed a sphinx
 21619 | Lair:3   | Killed Kirke
 21620 | Lair:3   | Reached skill level 10 in Throwing
 22414 | Lair:4   | Noticed Snorg
 22425 | Lair:4   | Killed Snorg
 23250 | Lair:4   | Upgraded the game from 0.30-a0-218-gedb9141078 to
                  | 0.30-a0-219-gf2db51d15e
 23263 | Lair:5   | Entered Level 5 of the Lair of Beasts
 23671 | Lair:5   | Found a frozen archway.
 23692 | IceCv    | Entered an ice cave
 23938 | IceCv    | Reached ***** piety under the Shining One
 24137 | IceCv    | Reached XP level 14. HP: 165/171 MP: 22/22
 24714 | IceCv    | Noticed a reaper
 24716 | IceCv    | Killed a reaper
 25467 | Lair:5   | Found a viscous altar of Jiyva.
 25467 | Lair:5   | Found a staircase to the Slime Pits.
 27451 | Lair:5   | Reached ****** piety under the Shining One
 27793 | Lair:5   | Reached skill level 15 in Fighting
 28213 | Lair:5   | Found a corrupted altar of Lugonu.
 28213 | Lair:5   | Found a one-way gate to the infinite horrors of the Abyss.
 28595 | Orc:1    | Killed Sonja
 28998 | Orc:1    | Identified a +3 giant spiked club of holy wrath (a +1 giant
                  | spiked club blessed by the Shining One)
 28998 | Orc:1    | Received a gift from the Shining One
 29012 | Orc:1    | Found Kyvymex's Magic Scroll Shoppe.
 29090 | Orc:1    | Bought a scroll of enchant weapon for 90 gold pieces
 29090 | Orc:1    | Bought a scroll of acquirement for 624 gold pieces
 29090 | Orc:1    | Acquired 452 gold pieces
 29230 | Orc:2    | Entered Level 2 of the Orcish Mines
 29262 | Orc:2    | Found a staircase to the Elven Halls.
 29285 | Orc:2    | Noticed Donald
 29300 | Orc:2    | Killed Donald
 29558 | Orc:2    | Noticed Azrael
 29905 | D:13     | Reached skill level 14 in Maces & Flails
 29905 | D:13     | Reached XP level 15. HP: 177/183 MP: 25/25
 30203 | D:13     | Noticed Nessos
 30205 | D:13     | Killed Nessos
 30379 | D:13     | Noticed Maurice
 30385 | D:13     | Killed Maurice
 31140 | D:14     | Reached skill level 15 in Maces & Flails
 32334 | D:14     | Noticed Frances
 32346 | D:14     | Killed Frances
 32590 | D:14     | Found a gate to the Vaults.
 32671 | D:14     | Noticed Rupert
 32675 | D:14     | Paralysed by Rupert for 2 turns
 32677 | D:14     | Killed Rupert
 32681 | D:14     | Reached skill level 16 in Maces & Flails
 33300 | D:15     | Entered Level 15 of the Dungeon
 33557 | D:15     | Reached XP level 16. HP: 145/195 MP: 26/26
 34332 | D:15     | Found a staircase to the Depths.
 34718 | D:15     | Found a hazy altar of Hepliaklqana.
 34786 | D:15     | Reached skill level 17 in Maces & Flails
 34899 | D:15     | Found Uchutsycaa's Weapon Shop.
 35119 | Depths:1 | Entered Level 1 of the Depths
 35119 | Depths:1 | Noticed a tengu reaver
 35129 | D:15     | Killed a tengu reaver
 35648 | D:3      | Bought a ring of ice for 275 gold pieces
 36556 | Lair:5   | Voluntarily entered the Abyss.
 36582 | Abyss:2  | Found an opulent altar of Gozag.
 36617 | Abyss:2  | Noticed a hellephant
 36629 | Abyss:2  | Killed from afar by a hellephant

Illustrated notes

Levels and vault maps discovered:
D:1:      dpeg_arrival_central, layout_loops_ring, serial_shops,
          nicolae_shop_crystal, chequers_ecumenical_altar_island,
          hangedman_decor_growths
D:2:      layout_basic, serial_shops, nicolae_shop_statue_plus, st_stairs_11,
          uniq_jessica
D:3:      minmay_bubble_buster, layout_basic, mainiacjoe_overflow_24_doors,
          gammafunk_ghost_grave, serial_shops, shop
D:4:      layout_gridville, gup_sewer_entry_bowl, uniq_edmund,
          uniq_blork_the_orc
D:5:      layout_loops_corners, hellmonk_okawaru_the_only_friend_you_need,
          tso_altar, chequers_serial_rivers_marsh, minmay_misc_feat_plants,
          nicolae_shop_gadgets
D:6:      layout_basic, mainiacjoe_overflow_small_starburst, temple_statues,
          chequers_avenue
D:7:      layout_basic, lemuel_crystal_altar, mainiacjoe_overflow_catwalk,
          corexii_hall_statues_u, st_stairs_10, kennysheep_nub,
          uniq_crazy_yiuf_cottage, uniq_duvessa
D:8:      layout_basic, kennysheep_mini_moat, minmay_manual_moon
D:9:      layout_irregular_city, grunt_dithmenos_smoke, uniq_maggie,
          uniq_harold, uniq_joseph, uniq_grum
D:10:     layout_roguey, nicolae_uskayaw_murder_on_the_dancefloor,
          mainiacjoe_overflow_concentric_impassable, erik_lair_island
D:11:     layout_big_octagon, orc_0_dummy, enter_trove_5
D:12:     layout_roguey, minivault_16, kennysheep_pointless_box
D:13:     dragon1_lemuel, layout_basic, serial_undead, serial_undead_d,
          serial_undead_f, serial_undead_a, serial_undead_a, serial_undead_b,
          serial_undead_d, serial_undead_e, serial_undead_d, uniq_maurice,
          uniq_nessos
D:14:     layout_long_grid, lightli_vaults_fourway_checkpoint, uniq_frances,
          uniq_rupert
D:15:     grunt_enter_depths_hoard, layout_loops_corners, serial_shops,
          nicolae_shop_bloodbath_and_beyond, gauntlet_entry_generic,
          chequers_garden, nicolae_hepliaklqana_monster_ancestors
Lair:1:   layout_regular_city, grunt_megastairs_5
Lair:2:   layout_gridlike
Lair:3:   layout_cave_pods, minmay_shoals_entry_beasts,
          spider_nest_entry_rubble, infiniplex_staircase_pool_2, uniq_kirke
Lair:4:   layout_loops_ring, kennysheep_catoblepas_arena, uniq_snorg
Lair:5:   hellmonk_lair_end_abyssal_woods, layout_regular_city,
          nicolae_slime_entry_slimehenge, portal_ice_cave_demonic_guard
Orc:1:    layout_caves, serial_shops,
          nicolae_shop_temple_entry_statues_fountains, basic_altar,
          mines2_lemuel, uniq_sonja
Orc:2:    grunt_orc_community_town_hall, layout_diamond_mine,
          grunt_orc_community_big_house_1, grunt_orc_community_big_house_1,
          grunt_orc_community_house_3, grunt_orc_community_house_3,
          grunt_orc_community_house_3, grunt_orc_community_house_3, basic_altar,
          nicolae_shop_vocational, uniq_saint_roka, uniq_azrael, uniq_josephine,
          uniq_donald
Depths:1: minmay_the_grid_triangle_9x9_line_8_mashed
          [minmay_the_grid_triangle_9x9_skeleton,
          minmay_the_grid_triangle_9x9_empty,
          minmay_the_grid_triangle_9x9_descending_squares,
          minmay_the_grid_triangle_9x9_tough_junction,
          minmay_the_grid_triangle_9x9_negative_grid,
          minmay_the_grid_triangle_9x9_minimal,
          minmay_the_grid_triangle_9x9_corruption,
          minmay_the_grid_triangle_9x9_prize_insulated], layout_small_grid,
          hellmouth_3, abyss_entry, minmay_misc_feat_nine_boxes,
          nicolae_ashenzari_panopticon
Abyss:2:  base: D:4, base: Spider:1, evilmike_abyss_exit_4

Skill      XL: |  1  2  3  4  5  6  7  8  9 10 11 12 13 14 15 16 |
---------------+-------------------------------------------------+-----
Throwing       | 1 2 3 4 5 8 11 12 13 | 13.4
Invocations    | 1 2 3 5 8 11 13 14 | 14.3
Maces & Flails | 1 2 5 8 11 13 14 16 17 | 17.1
Fighting       | 5 7 11 12 14 15 | 15.6
Armour         | 1 4 5 7 |  7.5
Axes           | |  2.5
Dodging        | |  2.6
Shields        | |  3.2

Action                   |  1- 3 |  4- 6 |  7- 9 | 10-12 | 13-15 | 16-18 || total
-------------------------+-------+-------+-------+-------+-------+-------++-------
Melee: War axe           |    62 |       |       |       |       |       ||    62
       Club              |       |   129 |   286 |   671 |   951 |       ||  2037
       Unarmed           |       |       |       |       |     2 |       ||     2
       Giant spiked club |       |       |       |       |   191 |    67 ||   258
       Punch             |       |       |       |       |     1 |       ||     1
Throw: Dart              |       |       |     2 |     1 |     2 |       ||     5
       Stone             |       |       |     9 |    26 |     9 |       ||    44
       Boomerang         |       |       |       |     7 |    12 |       ||    19
       Javelin           |       |       |       |     3 |       |       ||     3
       Throwing net      |       |       |       |     3 |       |       ||     3
       Large rock        |       |       |       |    25 |    98 |    17 ||   140
Invok: Divine Shield     |       |       |     4 |     5 |     2 |     1 ||    12
       Cleansing Flame   |       |       |       |     2 |     2 |       ||     4
       Brand Weapon With |       |       |       |       |     1 |       ||     1
  Use: Scroll            |       |    16 |     1 |     9 |    10 |       ||    36
       Potion            |       |       |     8 |    11 |     2 |       ||    21
 Stab: Sleeping          |     1 |       |       |       |       |       ||     1
Armor: Robe              |    26 |    25 |    78 |    21 |       |       ||   150
       Acid dragon scale |       |       |       |   151 |   556 |    30 ||   737
Dodge: Dodged            |    23 |    46 |   115 |   263 |   535 |    31 ||  1013
Block: Kite shield       |    22 |    34 |   138 |   218 |   266 |       ||   678
       Other             |       |       |       |       |       |     4 ||     4

Table legend: (Time is in decaauts)
 A = Elapsed time spent in this place.
 B = Non-inter-level travel time spent in this place.
 C = Inter-level travel time spent in this place.
 D = Time resting spent in this place.
 E = Time spent auto-exploring this place.
 F = Levels seen in this place.
 G = Mean time per level.
                   A        B        C        D        E       F      G
               +--------+--------+--------+--------+--------+-----+--------+
         Total |  36510 |  33491 |   3019 |  10258 |  17786 |  27 | 1352.2 |
       Dungeon |  23566 |  20987 |   2579 |   5758 |  12244 |  15 | 1571.1 |
          Lair |   9031 |   8613 |    418 |   2688 |   4370 |   5 | 1806.2 |
  Orcish Mines |   1788 |   1769 |     19 |    690 |    744 |   2 |  894.0 |
        Depths |      5 |      4 |      1 |      0 |      0 |   1 |    5.0 |
         Abyss |    135 |    135 |      0 |     30 |     22 |   2 |   67.5 |
         Sewer |    447 |    447 |      0 |      0 |    327 |   1 |  447.0 |
      Ice Cave |   1536 |   1536 |      0 |   1091 |     79 |   1 | 1536.0 |
               +--------+--------+--------+--------+--------+-----+--------+

Top non-repeatable levels by time:
  Lair:5: 3079 daAuts
    D:15: 2629 daAuts
    D:11: 2193 daAuts
    D:13: 2169 daAuts
     D:9: 1957 daAuts
    D:12: 1873 daAuts
  Lair:1: 1782 daAuts
  Lair:4: 1552 daAuts
   IceCv: 1536 daAuts
     D:5: 1511 daAuts
  Lair:3: 1503 daAuts
   Orc:1: 1462 daAuts
    D:10: 1436 daAuts
     D:3: 1433 daAuts
     D:8: 1418 daAuts
